Map: King's Cove LE

Players

dark

  • Race: Zerg Zerg
  • Spawn Location: 5:00

Solar - Winner!

  • Race: Zerg Zerg
  • Spawn Location: 11:00

Event: IEM Season 13: Katowice (2019)

VOD

Have the link to the VOD?

Description

Time

  • Played on: March 2, 2019, 1:46 p.m.
  • Length: 24:03

All games in this series

Show
View Real Time Build Order
Export as new Build Order

dark Zerg 

Build Orders: 3 Hatch before Pool 

Get SALT Encoding   

  12  0:00  Drone  
  13  0:13  Overlord  
  13  0:18  Drone  
  14  0:31  Drone x2  
  14  0:35  Drone  
  17  0:47  Drone  
  18  0:57  Hatchery  
  17  1:15  Hatchery  
  17  1:18  Drone  
  17  1:21  Drone  
  18  1:32  Extractor  
  17  1:36  Spawning Pool  
  17  1:39  Drone  
  17  1:42  Drone  
  17  1:46  Drone  
  19  1:55  Drone  
  20  2:05  Drone  
  21  2:10  Drone  
  21  2:14  Drone  
  23  2:24  Queen x2  
  23  2:27  Drone  
  28  2:31  Queen  
  28  2:37  Overlord  
  30  2:40  Drone  
  30  2:42  Drone  
  32  2:44  Drone  
  33  2:51  Drone  
  33  2:55  Drone  
  35  2:59  Drone  
  35  3:01  Drone  
  37  3:06  Drone  
  37  3:09  Drone  
  40  3:12  Zergling x2  
  40  3:14  Zergling x2, Roach Warren  
  40  3:20  Overlord  
  40  3:21  Drone  
  40  3:25  Overlord  
  41  3:28  Drone  
  42  3:43  Drone x3  
  42  3:46  Overlord, Drone x2  
  42  3:47  Overlord  
  47  3:54  Roach x5  
  56  4:04  Roach  
  56  4:07  Roach x4, Evolution Chamber  
  64  4:12  Roach  
  64  4:13  Evolution Chamber  
  64  4:14  Roach  
  69  4:17  Roach  
  69  4:26  Drone x5  
  74  4:32  Overlord  
  74  4:33  Drone x2  
  74  4:43  Lair  
  74  4:45  Extractor, Overlord  
  73  4:46  Extractor  
  73  4:51  Drone x5  
  73  4:52  Drone x2  
  79  4:57  Drone x2  
  80  5:01  Drone  
  80  5:06  Queen  
  83  5:11  Overlord  
  83  5:14  Overlord  
  80  5:16  Drone x5  
  84  5:23  Zerg Missile Weapons Level 1  
  84  5:24  Extractor  
  84  5:25  Queen, Drone x3  
  88  5:31  Drone x4  
  92  5:36  Overlord  
  92  5:37  Drone x3  
  92  5:39  Drone x2  
  97  5:47  Zerg Ground Armor Level 1  
  97  5:49  Overseer  
  97  5:53  Drone x3  
  97  5:54  Drone x2  
  97  5:56  Extractor  
  101  5:57  Extractor  
  101  5:58  Glial Reconstitution  
  101  6:02  Overseer  
  100  6:09  Overlord  
  100  6:10  Overlord x2  
  100  6:13  Roach x4  
  100  6:14  Roach  
  100  6:17  Roach  
  100  6:18  Roach  
  114  6:22  Hatchery  
  113  6:32  Roach x6  
  125  6:41  Overlord  
  125  6:42  Overlord x2  
  125  6:43  Overlord  
  125  6:45  Drone x3  
  130  6:47  Roach  
  130  6:49  Ravager x2  
  130  6:50  Ravager  
  133  6:56  Roach x2  
  137  7:01  Roach  
  137  7:02  Roach x4  
  137  7:03  Ravager  
  137  7:06  Roach x2  
  152  7:16  Roach x6  
  152  7:19  Roach  
  166  7:24  Overlord  
  166  7:29  Overlord  
  166  7:37  Roach, Overlord x2  
  168  7:38  Overlord  
  168  7:43  Roach x4  
  176  7:46  Overlord  
  176  7:47  Overlord  
  176  7:49  Roach x2  
  178  7:53  Ravager  
  178  7:55  Roach  
  178  7:56  Roach x2  
  179  8:05  Roach x2  
  179  8:06  Roach x3  
  179  8:07  Roach  
  179  8:08  Roach  
  179  8:09  Zerg Missile Weapons Level 2  
  179  8:11  Roach x6  
  189  8:14  Ravager  
  187  8:21  Roach  
  187  8:22  Roach x3  
  187  8:23  Ravager  
  194  8:27  Roach x2  
  194  8:29  Roach  
  200  8:53  Roach x2  
  200  8:54  Roach x4  
  184  8:58  Roach  
  184  8:59  Roach x4  
  184  9:00  Roach  
  184  9:01  Roach x6  
  196  9:02  Roach  
  196  9:03  Roach x2  
  196  9:05  Roach  
  192  9:10  Roach  
  192  9:12  Roach  
  192  9:13  Roach  
  192  9:16  Roach  
  200  9:23  Tunneling Claws  
  200  9:24  Burrow  
  196  9:33  Roach  
  196  9:34  Roach x5  
  196  9:35  Roach  
  196  9:36  Roach  
  196  9:47  Roach  
  196  9:50  Roach  
  192  9:53  Roach x4  
  192  9:56  Roach x2  
  196  10:01  Roach x2  
  196  10:03  Extractor x2  
  196  10:04  Roach  
  196  10:05  Roach  
  196  10:09  Roach  
  196  10:18  Roach x4  
  196  10:19  Roach x2  
  198  10:52  Roach  
  198  10:56  Roach  
  200  10:57  Roach  
  200  11:01  Spire  
  200  11:04  Roach x3  
  197  11:05  Roach  
  199  11:14  Roach x46  
  195  11:38  Overlord  
  193  11:40  Roach x2  
  193  11:41  Roach x2, Zerg Ground Armor Level 2  
  193  11:52  Roach x5  
  189  11:57  Hatchery  
  186  12:14  Mutalisk x8  
  200  12:25  Roach  
  200  12:28  Roach  
  198  12:31  Mutalisk  
  198  12:32  Mutalisk x2  
  200  12:38  Overseer, Pneumatized Carapace  
  200  12:43  Roach  
  200  12:44  Roach  
  196  12:57  Roach x9  
  196  12:58  Overseer x2  
  199  13:12  Roach x2  
  199  13:24  Ravager  
  199  13:25  Ravager  
  199  13:26  Ravager  
  200  13:47  Roach  
  198  13:58  Roach  
  198  13:59  Roach  
  188  14:04  Roach  
  188  14:05  Roach x9  
  188  14:09  Roach x2  
  175  14:26  Hydralisk Den  
  170  14:33  Roach x4  
  170  14:37  Roach  
  170  14:38  Roach x7  
  167  14:42  Roach  
  167  14:43  Roach x10  
  167  14:44  Ravager  
  167  14:45  Ravager x8  
  189  14:46  Roach x6  
  189  14:47  Roach  
  189  14:48  Overseer  
  189  14:49  Overseer x2  
  200  14:58  Roach x3  
  200  15:02  Roach x2, Hatchery  
  200  15:03  Roach  
  200  15:23  Grooved Spines  
  200  15:24  Lurker Den  
  200  15:26  Infestation Pit  
  197  15:32  Drone x3  
  197  15:33  Roach x2  
  198  15:40  Roach x2  
  200  16:01  Roach  
  200  16:06  Roach x29  
  198  16:23  Overseer x3, Hive  
  198  16:33  Hydralisk  
  200  16:42  Hydralisk  
  198  16:47  Hydralisk  
  196  17:01  Hydralisk  
  196  17:02  Overlord x4  
  196  17:07  Hydralisk x4  
  196  17:08  Hydralisk  
  194  17:11  Roach x3  
  194  17:13  Hydralisk, Lurker Den  
  194  17:14  Hydralisk x5  
  198  17:18  Roach  
  196  17:23  Roach x2  
  200  17:33  Roach  
  200  17:36  Hydralisk Den  
  195  17:46  Roach x2  
  195  17:47  Ravager  
  198  17:59  Queen  
  192  18:15  Hydralisk x3  
  192  18:17  Viper x3  
  192  18:19  Roach x5  
  199  18:24  Evolution Chamber  
  191  18:28  Viper  
  191  18:30  Hydralisk x4  
  199  18:40  Adaptive Talons  
  183  18:49  Lurker x5  
  183  18:50  Lurker x2  
  188  18:56  Lurker x4  
  188  18:57  Lurker  
  188  18:58  Muscular Augments  
  188  19:01  Hydralisk x3  
  193  19:16  Hydralisk  
  193  19:17  Hydralisk  
  163  19:27  Hydralisk x7  
  136  19:33  Hydralisk x11  
  122  19:40  Hydralisk  
  110  19:46  Roach, Hydralisk x2  
  110  19:47  Hydralisk x3  
  110  19:51  Hydralisk x2  
  114  20:04  Hydralisk x2  
  111  20:17  Hydralisk x2  
  115  20:21  Hydralisk x2  
  115  20:22  Hydralisk x2  
  121  20:31  Hydralisk  
  123  20:35  Zergling x4  
  123  20:36  Zergling x6  
  123  20:37  Zergling x10, Roach Warren  
  115  21:07  Hydralisk x3  
  115  21:08  Overseer x2  
  112  21:18  Drone  
  112  21:19  Drone x5  
  112  21:23  Roach x3  
  112  21:24  Roach x3  
  130  21:27  Roach  
  130  21:31  Roach  
  134  21:35  Roach  
  134  21:39  Roach  
  138  21:43  Roach  
  140  21:48  Hydralisk  
  142  21:54  Roach  
  138  22:15  Hydralisk x4  
  134  22:16  Drone  
  134  22:18  Roach  
  139  22:24  Roach  
  139  22:38  Overseer  
  127  22:53  Drone x13  
  127  22:56  Hydralisk x3  
  120  23:01  Roach  
  91  23:24  Hatchery  
Show
View Real Time Build Order
Export as new Build Order

Solar Zerg - Winner!

Build Orders: 3 Hatch before Pool 

Get SALT Encoding   

  12  0:02  Drone  
  13  0:13  Overlord  
  13  0:17  Drone  
  14  0:31  Drone x2  
  16  0:50  Hatchery  
  16  0:52  Drone  
  16  0:56  Drone  
  17  0:59  Drone  
  18  1:22  Hatchery  
  18  1:23  Drone  
  18  1:26  Drone  
  18  1:32  Extractor  
  18  1:42  Spawning Pool  
  18  1:44  Drone  
  18  1:47  Drone  
  18  1:51  Drone  
  20  2:02  Drone x2  
  22  2:14  Drone  
  23  2:20  Drone  
  24  2:29  Queen x2  
  28  2:33  Queen  
  28  2:36  Metabolic Boost  
  30  2:39  Drone  
  31  2:44  Overlord  
  31  2:47  Drone  
  31  2:49  Zergling x2  
  33  2:52  Drone  
  34  3:00  Overlord  
  34  3:03  Drone x3  
  37  3:06  Drone  
  37  3:09  Drone  
  37  3:10  Drone  
  40  3:19  Drone, Roach Warren  
  40  3:21  Drone  
  40  3:24  Drone  
  42  3:27  Overlord  
  42  3:30  Drone  
  42  3:31  Drone  
  42  3:33  Drone  
  45  3:34  Zergling x2  
  45  3:37  Zergling x2  
  45  3:39  Zergling x4  
  48  3:43  Zergling x2  
  48  3:48  Zergling x6  
  52  3:50  Evolution Chamber  
  52  3:51  Drone  
  52  3:54  Drone  
  53  3:57  Overlord, Drone  
  53  3:59  Drone  
  53  4:01  Drone  
  53  4:02  Drone  
  57  4:04  Drone  
  57  4:09  Extractor, Overlord  
  56  4:14  Overlord  
  56  4:16  Drone x2  
  58  4:17  Zerg Missile Weapons Level 1, Drone  
  58  4:20  Drone  
  58  4:22  Extractor, Drone  
  60  4:24  Drone x2  
  60  4:26  Drone  
  60  4:27  Drone  
  63  4:32  Lair, Drone  
  63  4:34  Drone  
  63  4:36  Roach  
  63  4:38  Roach  
  68  4:42  Roach x2  
  68  4:45  Roach  
  74  4:50  Roach  
  74  4:51  Roach  
  77  4:53  Overlord  
  77  4:54  Drone x3  
  79  5:00  Roach  
  79  5:03  Extractor, Overlord  
  79  5:04  Extractor, Overlord  
  79  5:08  Drone  
  79  5:09  Drone  
  79  5:12  Drone  
  79  5:15  Drone x2  
  79  5:16  Drone x2  
  79  5:19  Pneumatized Carapace  
  79  5:20  Overlord x2  
  83  5:21  Drone  
  83  5:22  Drone  
  83  5:24  Roach x2  
  89  5:28  Extractor  
  89  5:29  Drone x2  
  89  5:30  Glial Reconstitution  
  89  5:32  Overseer  
  89  5:33  Roach  
  94  5:35  Roach  
  94  5:40  Overseer  
  94  5:41  Overlord  
  94  5:44  Roach x2  
  98  5:52  Drone  
  98  5:54  Evolution Chamber, Hatchery  
  98  5:55  Drone x2  
  98  5:56  Drone  
  100  5:59  Drone  
  100  6:01  Roach x2  
  100  6:03  Roach  
  107  6:06  Roach  
  107  6:07  Overlord  
  107  6:09  Roach  
  111  6:12  Hydralisk Den  
  111  6:13  Drone  
  111  6:15  Roach x2  
  115  6:20  Overseer, Drone  
  115  6:21  Zerg Missile Weapons Level 2  
  115  6:24  Zerg Ground Armor Level 1  
  117  6:26  Roach x2  
  117  6:28  Overlord  
  117  6:31  Roach  
  123  6:35  Roach x3  
  123  6:37  Roach  
  123  6:39  Overlord  
  131  6:41  Overlord  
  131  6:43  Roach  
  131  6:46  Roach x2  
  137  6:50  Nydus Network  
  137  6:51  Roach  
  137  6:52  Roach  
  140  6:55  Roach  
  140  6:56  Roach  
  140  6:59  Roach x2  
  140  7:00  Ravager  
  140  7:01  Ravager, Overlord  
  150  7:05  Roach x2  
  154  7:10  Overlord  
  154  7:11  Roach  
  154  7:12  Roach  
  160  7:15  Roach  
  160  7:16  Roach x2  
  160  7:17  Roach  
  160  7:19  Roach  
  172  7:22  Roach x2  
  172  7:27  Overlord  
  172  7:29  Nydus Canal  
  172  7:33  Roach x2  
  172  7:34  Roach x3  
  182  7:38  Roach  
  182  7:41  Nydus Canal  
  184  7:44  Overlord  
  184  7:46  Roach, Overlord, Nydus Canal  
  184  7:47  Overlord  
  184  7:48  Overlord  
  184  7:59  Roach  
  184  8:01  Roach x3  
  172  8:07  Roach x2  
  172  8:08  Roach x3  
  172  8:09  Roach  
  172  8:10  Roach x2  
  172  8:11  Roach x2  
  186  8:13  Nydus Canal  
  186  8:19  Ravager x2  
  186  8:20  Roach x2  
  186  8:21  Roach x2  
  186  8:23  Roach x2, Ravager  
  186  8:24  Roach x2  
  191  8:28  Roach  
  191  8:29  Roach x2  
  191  8:33  Roach x2  
  198  8:35  Ravager  
  198  8:36  Ravager  
  200  8:44  Roach x3  
  200  8:55  Roach x6  
  195  8:56  Roach x2  
  195  9:01  Roach x2  
  195  9:02  Roach x2  
  187  9:06  Roach  
  187  9:07  Nydus Canal  
  187  9:08  Roach x2  
  193  9:10  Ravager x2  
  193  9:13  Roach x2  
  199  9:19  Nydus Canal  
  199  9:27  Ravager  
  200  9:34  Roach x4  
  200  9:36  Roach  
  200  9:42  Nydus Canal  
  200  9:43  Roach x2, Extractor  
  199  9:46  Extractor  
  199  9:49  Roach  
  199  9:52  Roach x2  
  200  9:58  Roach x2  
  192  10:00  Roach x2  
  192  10:01  Roach x3  
  192  10:03  Ravager x2  
  192  10:06  Roach  
  192  10:07  Roach x4  
  196  10:12  Roach  
  196  10:13  Roach x2  
  196  10:14  Roach x2  
  196  10:16  Roach  
  196  10:18  Roach  
  200  10:25  Overlord  
  200  10:33  Nydus Canal  
  200  10:41  Roach  
  200  10:42  Roach, Nydus Canal  
  200  10:44  Overseer  
  200  10:45  Overseer x2  
  200  10:46  Overseer  
  200  10:53  Roach  
  200  10:54  Spine Crawler  
  200  10:55  Spine Crawler  
  200  10:56  Spine Crawler, Burrow  
  197  10:57  Roach x3, Spine Crawler  
  197  11:04  Roach  
  200  11:07  Roach  
  200  11:11  Roach x2  
  200  11:20  Drone  
  200  11:21  Hydralisk Den, Drone  
  200  11:22  Drone  
  200  11:24  Drone  
  198  11:27  Ravager  
  198  11:28  Drone x2  
  198  11:29  Drone  
  197  11:42  Roach  
  199  11:56  Nydus Canal  
  199  12:01  Ravager  
  200  12:02  Zerg Ground Armor Level 2  
  200  12:04  Grooved Spines  
  200  12:06  Infestation Pit  
  200  12:08  Lurker Den, Hatchery  
  193  12:19  Roach x10  
  193  12:22  Roach x2  
  191  12:23  Roach x3  
  191  12:24  Roach  
  191  12:25  Roach  
  191  12:27  Roach  
  191  12:28  Roach  
  196  12:31  Roach x2  
  196  12:32  Roach x2  
  196  12:35  Roach  
  200  12:41  Roach x4  
  198  12:45  Nydus Canal  
  198  12:48  Hydralisk  
  198  12:51  Spore Crawler  
  198  12:52  Hydralisk  
  198  12:53  Spore Crawler  
  198  12:54  Spore Crawler  
  198  12:56  Hydralisk  
  199  13:00  Hydralisk x2  
  199  13:04  Tunneling Claws  
  200  13:06  Spore Crawler  
  200  13:09  Drone x17  
  200  13:10  Hydralisk x3  
  200  13:12  Hydralisk x6  
  181  13:14  Roach  
  181  13:15  Roach, Muscular Augments  
  181  13:18  Roach  
  190  13:28  Spore Crawler  
  190  13:29  Hydralisk  
  190  13:31  Ravager  
  190  13:32  Ravager x2  
  192  13:34  Lurker  
  192  13:35  Lurker  
  192  13:43  Hydralisk x3  
  192  13:47  Drone x2  
  200  14:00  Roach x3  
  196  14:08  Roach x2  
  196  14:09  Roach x2  
  173  14:18  Hydralisk x2  
  173  14:19  Hydralisk  
  177  14:24  Ravager x4  
  177  14:25  Ravager  
  177  14:28  Roach  
  180  14:34  Roach x2  
  180  14:37  Roach  
  173  14:40  Hydralisk  
  173  14:42  Roach  
  164  14:48  Hydralisk  
  164  14:51  Roach  
  168  14:53  Roach  
  168  14:59  Roach  
  174  15:00  Roach  
  174  15:02  Roach  
  174  15:05  Drone x2  
  174  15:06  Roach x2  
  175  15:07  Roach, Drone  
  175  15:09  Drone  
  175  15:10  Roach x3  
  175  15:13  Drone  
  178  15:16  Lurker  
  179  15:23  Lurker x5  
  179  15:25  Hydralisk  
  186  15:31  Overseer  
  186  15:36  Hydralisk x2  
  186  15:42  Nydus Canal  
  182  15:43  Hydralisk  
  182  15:50  Roach x3  
  182  15:54  Nydus Canal  
  182  15:57  Hydralisk x2  
  182  16:01  Roach x2  
  188  16:08  Hydralisk x2  
  189  16:13  Roach  
  191  16:22  Hydralisk, Nydus Canal  
  191  16:23  Hydralisk x2  
  197  16:32  Hive  
  197  16:34  Roach  
  197  16:36  Nydus Canal  
  199  16:40  Roach x7  
  199  16:50  Roach x6  
  199  16:51  Roach  
  199  16:58  Roach x2  
  195  17:01  Roach x2  
  195  17:02  Roach x2  
  195  17:03  Roach x2  
  195  17:04  Roach x3  
  195  17:05  Roach  
  195  17:07  Hydralisk x3  
  200  17:09  Hydralisk  
  200  17:14  Roach  
  200  17:16  Nydus Canal  
  200  17:21  Roach  
  199  17:28  Nydus Canal  
  199  17:29  Hydralisk x2  
  196  17:32  Hydralisk x4  
  196  17:36  Hydralisk  
  191  17:45  Roach x2  
  191  17:46  Roach x2  
  191  17:47  Roach  
  191  17:49  Adaptive Talons  
  191  17:50  Extractor  
  196  18:03  Hydralisk x2  
  196  18:04  Roach x7  
  196  18:13  Hydralisk x2, Roach x3  
  193  18:24  Roach x2  
  193  18:25  Roach  
  199  18:27  Overseer x2  
  196  18:37  Lurker x4  
  196  18:42  Hydralisk x3  
  196  18:44  Hydralisk  
  196  18:47  Roach  
  200  19:01  Hatchery  
  199  19:18  Roach  
  199  19:20  Roach  
  189  19:27  Hydralisk x5  
  189  19:28  Hydralisk x2  
  164  19:32  Roach  
  164  19:33  Roach x3  
  164  19:35  Roach  
  164  19:36  Roach x2  
  164  19:37  Viper  
  140  19:42  Viper  
  129  19:46  Hydralisk  
  129  19:50  Roach  
  128  19:54  Roach  
  128  19:55  Roach  
  128  19:59  Roach  
  134  20:02  Roach  
  125  20:08  Hydralisk  
  125  20:13  Viper  
  123  20:16  Hydralisk  
  123  20:21  Hydralisk  
  123  20:24  Roach x3  
  125  20:30  Roach  
  127  20:38  Zerg Missile Weapons Level 3  
  127  20:45  Roach  
  127  20:47  Extractor  
  126  20:51  Roach, Extractor  
  126  20:52  Roach  
  126  20:55  Roach  
  129  21:01  Hydralisk  
  129  21:03  Hydralisk  
  119  21:07  Roach  
  119  21:11  Roach  
  118  21:15  Roach  
  118  21:16  Roach  
  118  21:18  Ravager x2  
  122  21:21  Roach x3  
  122  21:22  Roach  
  126  21:25  Roach  
  126  21:34  Roach x2  
  130  21:44  Roach x2  
  130  21:46  Roach  
  133  21:50  Lurker  
  133  21:51  Lurker  
  135  21:56  Roach x2  
  135  21:57  Roach x3, Hydralisk  
  135  21:58  Roach  
  137  22:05  Overlord  
  137  22:08  Roach  
  127  22:11  Roach  
  127  22:14  Roach  
  117  22:17  Overseer  
  117  22:21  Roach  
  113  22:28  Hydralisk  
  111  22:36  Hydralisk  
  113  22:38  Roach  
  113  22:39  Roach  
  113  22:40  Roach x5  
  113  22:41  Roach  
  111  22:45  Roach  
  111  22:48  Roach  
  111  22:54  Roach  
  111  22:56  Roach  
  109  22:59  Roach x2  
  109  23:01  Roach  
  102  23:07  Roach  
  102  23:11  Roach  
  102  23:13  Roach  
  98  23:20  Roach  
  98  23:23  Roach  
  100  23:27  Roach  
  100  23:32  Roach  
  102  23:36  Roach  
  86  23:43  Roach  

Tags
 
Add a new tag
Caveats
  • Supply blocks, unpowered buildings, or Contaminate may cause inaccurate times.
  • Supply counts are checked every 10 seconds.